 Dungeon Crawl Stone Soup version 0.31-a0-360-gb3e1d13bf4 (webtiles) character file.

Game seed: 14181471351731570457

16265 bjtr the Earth Mage (level 12, -16/75 HPs)
             Began as a Gargoyle Earth Elementalist on July 26, 2023.
             Was a Priest of Vehumet.
             Killed from afar by an ice dragon (19 damage)
             ... with a blast of cold
             ... on level 13 of the Dungeon on July 27, 2023.
             The game lasted 01:09:52 (13955 turns).

bjtr the Earth Mage (Gargoyle Earth Elementalist)  Turns: 13955, Time: 01:09:53

Health: -16/75     AC: 16    Str: 18    XL:     12   Next: 35%
Magic:  8/24       EV: 16    Int: 21    God:    Vehumet [***...]
Gold:   1660       SH:  5    Dex: 10    Spells: 4/28 levels left

rFire   . . .        a - +4 morningstar
rCold   . . .        (no shield)
rNeg    + . .        j - +1 leather armour
rPois   ∞            (no helmet)
rElec   +            f - +2 cloak
rCorr   .            (no gloves)
SInv    .            (no boots)
Will    .....        t - amulet of reflection
Stlth   ++           T - +5 ring of evasion
HPRegen 0.32/turn    A - +6 ring of strength
MPRegen 0.19/turn

%: reflection
@: very slightly contaminated, hasted, very quick
A: sickness immunity, AC +8, negative energy resistance 1, electricity
resistance, torment resistance 1, petrification resistance
a: Renounce Religion


You were on level 13 of the Dungeon.
You worshipped Vehumet.
Vehumet was most pleased with you.
You visited 2 branches of the dungeon, and saw 14 of its levels.

You collected 1660 gold pieces.

Inventory:

Hand Weapons
 a - a +4 morningstar (weapon)
 c - a +0 scimitar of flaming
 q - a +1 broad axe
 z - a +0 sling
 E - a +0 orcbow
 R - a +2 flail of protection
Missiles
 u - 22 poisoned darts (quivered)
 v - 10 javelins
Armour
 f - a +2 cloak (worn)
 j - a +1 leather armour (worn)
Jewellery
 t - an amulet of reflection (around neck)
 w - a ring of resist corrosion
 A - a +6 ring of strength (right hand)
 T - a +5 ring of evasion (left hand)
Wands
 k - a wand of quicksilver (9)
 r - a wand of digging (2)
 y - a wand of paralysis (6)
 I - a wand of flame (13)
 N - a wand of mindburst (22)
Scrolls
 h - a scroll of immolation {unknown}
 i - 4 scrolls of revelation
 o - a scroll of silence {unknown}
 s - a scroll of fear
 B - a scroll of butterflies
 L - 2 scrolls of teleportation {unknown}
 O - a scroll of blinking {unknown}
 Z - a scroll of poison
Potions
 b - 2 potions of magic
 d - a potion of berserk rage {unknown}
 e - 6 potions of mutation
 g - 5 potions of curing
 l - 4 potions of attraction
 m - 2 potions of haste
 n - a potion of lignification {unknown}
 p - a potion of might
 x - 3 potions of resistance
 M - 3 potions of invisibility
 Q - a potion of ambrosia
Miscellaneous
 U - a piece from Xom's chessboard (15/15)
 V - a lightning rod (4/4)


   Skills:
 * Level 8.3 Fighting
 * Level 5.2 Maces & Flails
 + Level 3.5 Armour
 - Level 1.5 Dodging
 - Level 2.1 Stealth
 + Level 2.7 Shields
 + Level 8.9 Spellcasting
 * Level 5.9 Conjurations
 - Level 0.7 Transmutations
 * Level 15.7 Earth Magic


You had 4 spell levels left.
You knew the following spells:

 Your Spells              Type           Power      Damage    Failure   Level
a - Sandblast             Erth           100%       2d20      0%          1
b - Passwall              Tmut/Erth      36%        N/A       1%          2
c - Stone Arrow           Conj/Erth      100%       3d13      1%          3
d - Petrify               Tmut/Erth      44%        N/A       3%          4
e - Scorch                Fire           18%        2d6       3%          2
f - Mephitic Cloud        Conj/Pois/Air  17%        N/A       3%          3
g - Fireball              Conj/Fire      10%        3d6       17%         5
h - Fulminant Prism       Conj/Hex       10%        3d8       7%          4

Your spell library contained the following spells:

 Spells                   Type           Power      Damage    Failure   Level
 Magic Dart               Conj           100%       1d8       1%          1
 Searing Ray              Conj           68%        2d6       1%          2
 Hailstorm                Conj/Ice       21%        3d6       2%          3
 Ozocubu's Armour         Ice            9%         N/A       26%         3
 Summon Ice Beast         Ice/Summ       9%         N/A       65%         4
 Iskenderun's Battlesphe  Conj           34%        2d9       5%          5
 Conjure Ball Lightning   Conj/Air       10%        3x3d6     65%         6
 Orb of Destruction       Conj           17%        9d7       80%         7
 Plasma Beam              Fire/Air       4%         2x1d14    95%         6
 Simulacrum               Ice/Necr       4%         N/A       100%        6
 Ozocubu's Refrigeration  Ice            4%         4d8       100%        7
 Ignition                 Fire           4%         3d4       100%        8


Dungeon Overview and Level Annotations

Branches:
Dungeon (13/15)            Temple (1/1) D:6            Lair (0/5) D:10
    Orc (0/2) D:10
 Vaults: D:13-14

Altars:
Ashenzari
Cheibriados
Dithmenos
Elyvilon
Fedhas
Gozag
Hepliaklqana
Kikubaaqudgha
Makhleb
Nemelex Xobeh
Okawaru
Qazlal
Ru
Sif Muna
Trog
Uskayaw
Vehumet
Wu Jian
Xom
Yredelemnul
Zin
The Shining One

Shops:
D:9 (

Annotations:
D:6 2 runed translucent doors, bahustanut's ghost, novice TrSh


Innate Abilities, Weirdness & Mutations

You are immune to sickness and miasma.
Your stone body is resilient. (AC +8)
You are immune to poison.
You resist negative energy. (rN+)
You are resistant to electric shocks. (rElec)
You are resistant to unholy torment.
You are immune to petrification.


Message History

The ice dragon bites you but does no damage.
The ice dragon claws you!
The ice dragon tramples you but does no damage.
You hit the ice dragon but do no damage.
The ice dragon is moderately wounded.
The grasping roots constrict the ice dragon.
The ice dragon breathes frost at you. The blast of cold hits you!!
* * * LOW HITPOINT WARNING * * *
Unknown command.
The grasping roots constrict the ice dragon!
The roots release their grip on the ice dragon.
Aiming: Paralyse
Press: ? - help, Shift-Dir - straight line, f - ice dragon
Aim: an ice dragon (moderately wounded, catching its breath, more vulnerable to fire, chance to affect: 31%)
Okay, then.
Aiming: Fastroot
Press: ? - help, Shift-Dir - straight line The roots erupt in riotous growth!
Roots grab the ice dragon.
The now-empty wand crumbles to dust.
The grasping roots constrict the ice dragon.
The ice dragon bites you.
* * * LOW HITPOINT WARNING * * *
The ice dragon claws you.
* * * LOW HITPOINT WARNING * * *
The ice dragon tramples you but does no damage.
Unknown command.
The grasping roots constrict the ice dragon!
The roots release their grip on the ice dragon.
Okay, then.
Okay, then.
You feel yourself speed up. The ice dragon bites you!
* * * LOW HITPOINT WARNING * * *
You block the ice dragon's attack.
The ice dragon tramples you but does no damage.
Unknown command.
The ice dragon breathes frost at you. The blast of cold hits you!!
You die...

#.........#..[....##...###
#.........#####...###..#.#
#..........# #....####....
#..........###....#.#...##
.#..............##.......#.
.................<.........
#.........................
.#.............#...........
........D.@....#.#.........
...<...####......#....#...#
....... ###.#...........#
......#######..........##..
.....$......##..........#..
................)..........
.............#...........#.
#............#..<........#.
.......................


You could see an ice dragon (catching breath, combustible).

Vanquished Creatures
  3 boulder beetles
  A two-headed ogre (D:11)
  Urug (D:10)
  Nergalle (D:10)
  A deep elf pyromancer (D:12)
  2 ugly things
  3 manticores
  Maggie (D:8)
  A komodo dragon (D:10)
  2 kobold demonologists
  An efreet (D:13)
  A troll (D:10)
  2 meliai (D:12)
  A shadow (D:10)
  5 slime creatures (D:12)
  3 wraiths
  A vampire (D:10)
  10 yaks
  A wyvern (D:10)
  3 vampire mosquitoes (D:12)
  An acid dragon (D:8)
  A water moccasin (D:7)
  A sky beast (D:7)
  2 ice beasts (D:7)
  3 orc warriors (D:10)
  5 centaurs
  An ogre (D:6)
  5 phantoms
  3 kobold brigands
  6 bullfrogs
  A gnoll sergeant (D:11)
  3 scorpions
  11 wights
  7 killer bees
  2 electric eels
  5 howler monkeys
  5 jellies
  Crazy Yiuf (D:7)
  A gnoll bouda (D:6)
  6 orc priests
  2 hounds (D:5)
  3 iguanas
  2 sleepcaps (D:5)
  19 orc wizards
  8 gnolls
  12 adders
  A shadow imp (D:6)
  3 white imps
  An ufetubus (D:5)
  4 worms
  2 dart slugs
  40 orcs
  5 ball pythons
  6 endoplasms
  4 goblins
  4 hobgoblins
  7 jackals
  2 quokkas
  4 bats
  A frilled lizard (D:1)
  A goblin zombie (D:7)
  18 kobolds
  A kobold zombie (D:7)
  13 rats
277 creatures vanquished.

Vanquished Creatures (others)
  A howler monkey (D:7)
  A kobold (D:7)
  13 fulminant prisms
15 creatures vanquished.

Grand Total: 292 creatures vanquished

Notes
Turn   | Place    | Note
-------+----------+-------------------------------------------
     0 | D:1      | bjtr the Gargoyle Earth Elementalist began the quest for
                  | the Orb.
     0 | D:1      | Reached XP level 1. HP: 10/10 MP: 3/3
   158 | D:1      | Reached skill level 4 in Earth Magic
   290 | D:1      | Reached XP level 2. HP: 16/16 MP: 1/5
   961 | D:2      | Reached XP level 3. HP: 20/20 MP: 4/6
  1145 | D:2      | Reached skill level 1 in Fighting
  1145 | D:2      | Reached skill level 5 in Earth Magic
  1319 | D:2      | Reached XP level 4. HP: 25/25 MP: 4/7
  1757 | D:3      | Learned a level 2 spell: Passwall
  1761 | D:3      | Learned a level 3 spell: Stone Arrow
  2258 | D:3      | Found a blossoming altar of Fedhas.
  2295 | D:3      | Found a burning altar of Makhleb.
  2374 | D:3      | Reached skill level 1 in Armour
  2539 | D:3      | Reached XP level 5. HP: 27/29 MP: 7/9
  2741 | D:3      | Found a snail-covered altar of Cheibriados.
  3154 | D:4      | Reached skill level 6 in Earth Magic
  3179 | D:4      | Reached XP level 6. HP: 35/35 MP: 5/10
  3376 | D:4      | You fall into a shaft and drop 1 floor!
  3376 | D:5      | Entered Level 5 of the Dungeon
  3618 | D:4      | Found a hide-covered altar of Uskayaw.
  4067 | D:4      | Reached skill level 7 in Earth Magic
  4130 | D:5      | Reached XP level 7. HP: 40/40 MP: 10/12
  4513 | D:5      | Reached skill level 8 in Earth Magic
  4564 | D:5      | Reached XP level 8. HP: 46/46 MP: 6/15
  5255 | D:6      | Found a staircase to the Ecumenical Temple.
  5264 | Temple   | Entered the Ecumenical Temple
  5292 | Temple   | Became a worshipper of Vehumet
  5367 | D:6      | Reached skill level 5 in Spellcasting
  5367 | D:6      | Reached skill level 9 in Earth Magic
  5374 | D:6      | Reached skill level 1 in Shields
  5529 | D:6      | Found an ornate altar of the Wu Jian Council.
  5603 | D:6      | Learned a level 4 spell: Petrify
  5687 | D:6      | Found a runed translucent door.
  5691 | D:6      | Noticed bahustanut's ghost (novice TrSh)
  5734 | D:6      | Reached * piety under Vehumet
  5734 | D:6      | Offered knowledge of Foxfire by Vehumet.
  5750 | D:6      | Reached skill level 10 in Earth Magic
  5799 | D:6      | Found a runed translucent door.
  6118 | D:6      | Found an iron altar of Okawaru.
  6118 | D:6      | Found a glowing silver altar of Zin.
  6163 | D:6      | Reached XP level 9. HP: 31/52 MP: 13/17
  6399 | D:7      | Found an ancient bone altar of Kikubaaqudgha.
  6448 | D:7      | Found a runed translucent door.
  6455 | D:7      | Found a basalt altar of Yredelemnul.
  6522 | D:7      | Found a runed translucent door.
  6523 | D:7      | Noticed Crazy Yiuf
  6530 | D:7      | Killed Crazy Yiuf
  6648 | D:7      | Reached skill level 11 in Earth Magic
  7480 | D:8      | Upgraded the game from 0.31-a0-358-gac0dbeb3ab to
                  | 0.31-a0-360-gb3e1d13bf4
  7563 | D:8      | Noticed a boulder beetle
  7587 | D:8      | Offered knowledge of Poisonous Vapours by Vehumet.
  7594 | D:8      | Killed a boulder beetle
  7594 | D:8      | Reached ** piety under Vehumet
  7595 | D:8      | Reached skill level 5 in Fighting
  7595 | D:8      | Reached skill level 1 in Conjurations
  7595 | D:8      | Reached skill level 12 in Earth Magic
  7595 | D:8      | Reached XP level 10. HP: 40/59 MP: 13/20
  7904 | D:8      | Reached skill level 13 in Earth Magic
  7922 | D:8      | Noticed Maggie
  7931 | D:8      | Killed Maggie
  8645 | D:9      | Found Asiykuz's Weapon Boutique.
  8645 | D:9      | Noticed a kobold demonologist
  8650 | D:9      | Killed a kobold demonologist
  8771 | D:9      | Reached skill level 14 in Earth Magic
  8990 | D:9      | Reached XP level 11. HP: 66/66 MP: 20/22
  8992 | D:9      | Offered knowledge of Scorch by Vehumet.
  8996 | D:9      | Learned a level 2 spell: Scorch
  9287 | D:10     | Entered Level 10 of the Dungeon
  9287 | D:10     | Noticed Urug
  9513 | D:10     | Noticed Nergalle
  9681 | D:10     | Reached skill level 1 in Maces & Flails
  9831 | D:10     | Found a staircase to the Orcish Mines.
  9997 | D:10     | Killed Urug
 10214 | D:10     | Reached *** piety under Vehumet
 10249 | D:10     | Found a hazy altar of Hepliaklqana.
 10276 | D:10     | Killed Nergalle
 10501 | D:10     | Found a glowing golden altar of the Shining One.
 10593 | D:10     | Found a staircase to the Lair.
 11364 | D:11     | Noticed a two-headed ogre
 11364 | D:11     | Noticed a manticore
 11368 | D:11     | Killed a two-headed ogre
 11369 | D:11     | Reached skill level 15 in Earth Magic
 11371 | D:11     | Killed a manticore
 11371 | D:11     | Offered knowledge of Mephitic Cloud by Vehumet.
 11376 | D:11     | Learned a level 3 spell: Mephitic Cloud
 11528 | D:11     | Learned a level 5 spell: Fireball
 11533 | D:11     | Learned a level 4 spell: Fulminant Prism
 11693 | D:11     | Found an opulent altar of Gozag.
 11717 | D:11     | Got the Grimoire of a Hundred Lovers
 11755 | D:11     | Noticed a green ugly thing
 11883 | D:11     | Killed a green ugly thing
 11981 | D:12     | Noticed a brown ugly thing
 11986 | D:12     | Killed a brown ugly thing
 12228 | D:12     | Noticed a manticore
 12233 | D:12     | Killed a manticore
 12423 | D:12     | Noticed a boulder beetle
 12434 | D:12     | Killed a boulder beetle
 12604 | D:12     | Noticed a boulder beetle
 12680 | D:12     | Reached XP level 12. HP: 17/73 MP: 3/24
 12874 | D:12     | Killed a boulder beetle
 12875 | D:12     | Reached skill level 5 in Conjurations
 13614 | D:12     | Reached skill level 5 in Maces & Flails
 13798 | D:13     | Identified a scroll of acquirement
 13798 | D:13     | Acquired 671 gold pieces
 13927 | D:13     | Noticed an ice dragon
 13954 | D:13     | HP: 3/75 [ice dragon (9)]
 13955 | D:13     | Killed from afar by an ice dragon

Illustrated notes

Levels and vault maps discovered:
D:1:      lemuel_arrival_funnel, layout_basic, nicolae_wormholes
D:2:      layout_loops_cross, minmay_rat_gold_closets
D:3:      layout_basic, lightli_temple_of_fire, lemuel_coloured_pillars_altar,
          fedhas_ov_isle_minmay, serial_glass, glass_columns_a, glass_columns_b
D:4:      layout_loops_corners, amcnicky_altar_gilded
D:5:      layout_gridville
D:6:      layout_rooms, mainiacjoe_overflow_boulevard,
          chequers_temple_overflow_statue_of_worship, minmay_temple_entry_waves,
          ebering_ghost_sewer_f
D:7:      layout_gridville, lemuel_crystal_altar, dk_yredelemnul_ordeal,
          kennysheep_dice, uniq_crazy_yiuf_cottage
D:8:      nzn_winding_woodlands_small
          [nzn_winding_woodlands_5x15_river_crossing,
          nzn_winding_woodlands_center_garden,
          nzn_winding_woodlands_5x15_sidewinder], layout_cave_pools, uniq_maggie
D:9:      layout_long_grid, kennysheep_small_square
D:10:     layout_rooms, tso_oasis_becter, mainiacjoe_overflow_24_doors,
          dpeg_oklobed_lair, uniq_urug, uniq_nergalle
D:11:     layout_roguey, grunt_gozag_statues
D:12:     layout_basic
D:13:     layout_cave_pools
Temple:   chequers_temple_sunken

Skill      XL: |  1  2  3  4  5  6  7  8  9 10 11 12 |
---------------+-------------------------------------+-----
Earth Magic    | 4 5 6 7 8 10 12 14 15 | 15.7
Fighting       | 1 2 3 4 5 6 7 8 |  8.3
Armour         | 1 2 3 |  3.5
Spellcasting   | 3 4 5 7 8 |  8.9
Shields        | 1 2 |  2.7
Conjurations   | 1 3 4 5 |  5.9
Maces & Flails | 4 5 |  5.2
Dodging        | |  1.5
Stealth        | |  2.1
Transmutations | |  0.7

Action                     |  1- 3 |  4- 6 |  7- 9 | 10-12 || total
---------------------------+-------+-------+-------+-------++-------
  Melee: Hand axe          |     7 |       |       |       ||     7
         Mace              |       |    41 |       |       ||    41
         Flail             |       |    35 |    86 |     3 ||   124
         Punch             |       |       |       |     1 ||     1
         Morningstar       |       |       |       |    92 ||    92
  Throw: Dart              |       |       |       |     8 ||     8
   Cast: Sandblast         |    26 |    62 |   156 |   157 ||   401
         Stone Arrow       |       |       |     3 |    49 ||    52
         Passwall          |       |       |     4 |     5 ||     9
         Petrify           |       |       |       |     1 ||     1
         Scorch            |       |       |       |     8 ||     8
         Fulminant Prism   |       |       |       |    13 ||    13
         Fireball          |       |       |       |     4 ||     4
  Evoke: Lightning rod     |       |       |       |     6 ||     6
         Wand              |       |       |       |     8 ||     8
    Use: Scroll            |       |    12 |     8 |     5 ||    25
         Potion            |       |       |     1 |     2 ||     3
   Stab: Sleeping          |       |     5 |     1 |     2 ||     8
 Armour: Leather armour    |     2 |    39 |    70 |    95 ||   206
         Robe              |     1 |       |       |       ||     1
  Dodge: Dodged            |     4 |    58 |   123 |   184 ||   369
  Block: Other             |       |    18 |    43 |    60 ||   121
         Reflection        |       |       |     4 |     2 ||     6

Table legend: (Time is in decaauts)
 A = Elapsed time spent in this place.
 B = Non-inter-level travel time spent in this place.
 C = Inter-level travel time spent in this place.
 D = Time resting spent in this place.
 E = Time spent auto-exploring this place.
 F = Levels seen in this place.
 G = Mean time per level.
                   A        B        C        D        E       F      G
               +--------+--------+--------+--------+--------+-----+--------+
         Total |  14246 |  13642 |    604 |   2306 |   8301 |  14 | 1017.6 |
       Dungeon |  14180 |  13599 |    581 |   2306 |   8301 |  13 | 1090.8 |
        Temple |     66 |     43 |     23 |      0 |      0 |   1 |   66.0 |
               +--------+--------+--------+--------+--------+-----+--------+

Top non-repeatable levels by time:
    D:12: 1802 daAuts
     D:9: 1434 daAuts
     D:5: 1345 daAuts
     D:3: 1274 daAuts
     D:4: 1189 daAuts
    D:10: 1182 daAuts
     D:7: 1158 daAuts
    D:11: 1018 daAuts
     D:8: 958 daAuts
     D:2: 901 daAuts
     D:1: 894 daAuts
     D:6: 830 daAuts
    D:13: 188 daAuts
  Temple: 66 daAuts
